 Dungeon Crawl Stone Soup version 0.30-a0-964-gd452b5e7fa (webtiles) character file.

Game seed: 9699046431700453899

25912 retardedninja the Carver (level 12, -8/101 HPs)
             Began as an Armataur Fighter on Mar 30, 2023.
             Was a Priest of Hepliaklqana.
             Mangled by a skyshark (24 damage)
             ... on level 3 of the Lair of Beasts.
             The game lasted 00:27:42 (18287 turns).

retardedninja the Carver (Armataur Fighter)        Turns: 18287, Time: 00:27:42

Health: -8/101     AC: 21    Str: 19    XL:     12   Next: 93%
Magic:  12/12      EV:  4    Int:  9    God:    Hepliaklqana [***...]
Gold:   1177       SH: 20    Dex: 30    Spells: 11/11 levels left

rFire   . . .      SeeInvis +    a - +2 long sword
rCold   . . .      Faith    .    B - +0 kite shield
rNeg    . . .      Spirit   .    l - +1 plate armour
rPois   +          Reflect  +    n - +2 helmet
rElec   .          Roll     +    c - +0 cloak
rCorr   .                        u - +0 pair of gloves
Will    .....                    (no barding) Stlth
                                 i - amulet "Huant" {Reflect rPois Str-3 Dex+4 SH+5 SInv}
HPRegen 0.36/turn                x - +6 ring of dexterity
MPRegen 0.13/turn                y - +6 ring of dexterity

@: brilliant
A: reduced essence, large, rugged brown scales 3, deformed body, armoured tail,
roll, long tongue, awkward tongue
a: Renounce Religion, Recall Ancestor, Ancestor Identity, Transference


You were on level 3 of the Lair of Beasts.
You worshipped Hepliaklqana.
Hepliaklqana was most pleased with you.
You visited 3 branches of the dungeon, and saw 16 of its levels.

You collected 1177 gold pieces.

Inventory:

Hand Weapons
 a - a +2 long sword (weapon)
Missiles
 r - 6 silver javelins (quivered)
 D - 8 javelins
Armour
 c - a +0 cloak (worn)
 l - a +1 plate armour (worn)
 n - a +2 helmet (worn)
 u - a +0 pair of gloves (worn)
 w - the +3 hat of Pondering {ponderous, Will+ MP+10 Int+5}
   (You took it off Gastronok on level 12 of the Dungeon)

   Int:       It affects your intelligence (+5).
   MP:        It affects your magic capacity (+10).
   Will:      It increases your willpower.
 B - a +0 kite shield (worn)
Jewellery
 i - the amulet "Huant" (around neck) {Reflect rPois Str-3 Dex+4 SH+5 SInv}
   (You acquired it on level 5 of the Dungeon)

   [amulet of reflection]

   It reflects blocked missile attacks.
   Str:       It affects your strength (-3).
   Dex:       It affects your dexterity (+4).
   rPois:     It protects you from poison.
   SInv:      It lets you see invisible.
   SH:        It affects your SH (+5).
 x - a +6 ring of dexterity (left hand)
 y - a +6 ring of dexterity (right hand)
Wands
 b - a wand of iceblast (1)
 k - a wand of flame (5)
 z - a wand of mindburst (7)
 A - a wand of paralysis (14)
Scrolls
 e - a scroll of amnesia
 m - 7 scrolls of teleportation
 p - 2 scrolls of magic mapping
 s - a scroll of silence
 t - 2 scrolls of poison
Potions
 g - 2 potions of attraction
 j - 5 potions of flight
 o - 2 potions of mutation


   Skills:
 + Level 9.6 Fighting
 * Level 13.0 Long Blades
 + Level 12.3 Armour
 + Level 11.4 Shields


You had 11 spell levels left.
You didn't know any spells.
Your spell library contained the following spells:

 Spells                   Type           Power      Damage    Failure   Level
 Beastly Appendage        Tmut           0%         N/A       100%        1
 Lesser Beckoning         Tloc           0%         N/A       100%        2
 Wereblood                Tmut           0%         N/A       100%        2
 Gell's Gravitas          Tloc           0%         N/A       100%        3
 Inner Flame              Hex/Fire       0%         N/A       100%        3
 Spider Form              Tmut/Pois      0%         N/A       100%        3
 Teleport Other           Tloc           0%         N/A       100%        3
 Vhi's Electric Charge    Tloc/Air       0%         N/A       100%        3
 Airstrike                Air            0%         2d(0-16)  100%        4
 Cause Fear               Hex            0%         N/A       100%        4
 Summon Lightning Spire   Summ/Air       0%         N/A       100%        4
 Arcjolt                  Conj/Air       0%         1d10      100%        5
 Plasma Beam              Fire/Air       0%         2x1d7     100%        5
 Conjure Ball Lightning   Conj/Air       0%         3x3d6     100%        6
 Discord                  Hex            0%         N/A       100%        8
 Disjunction              Tloc           0%         N/A       100%        8
 Maxwell's Capacitive Co  Air            0%         ∞         100%        8


Dungeon Overview and Level Annotations

Branches:
Dungeon (12/15)            Temple (1/1) D:7            Lair (3/5) D:9
 Shoals (0/4) Lair:2        Snake (0/4) Lair:2
    Orc: D:9-12

Altars:
Ashenzari
Cheibriados
Dithmenos
Elyvilon
Fedhas
Gozag
Hepliaklqana
Kikubaaqudgha
Makhleb
Nemelex Xobeh
Okawaru
Qazlal
Ru
Sif Muna
Trog
Uskayaw
Vehumet
Wu Jian
Xom
Yredelemnul
Zin
The Shining One

Portals:
Trove: D:10 (give +7 demon trident)

Annotations:
D:4 2 transporters


Innate Abilities, Weirdness & Mutations

Your life essence is reduced to manifest your ancestor. (-10% HP)
You are completely covered in rugged brown scales. (AC +3, +7% HP)
Armour fits poorly on your strangely shaped body.
You have a long armoured tail.
You roll when moving toward enemies. (Rampage)
Your long tongue fully drains potion bottles. (2x potion effects)
Your tongue gives you trouble enunciating. (1.5x scroll delay)


Message History

Unknown command.
You hit the skyshark but do no damage.
The skyshark is heavily wounded.
The blink frog hits you but does no damage.
You block the cane toad's attack. You block the skyshark's attack. x2
The skyshark tail-slaps you.
* * * LOW HITPOINT WARNING * * *
You block the blink frog's attack.
Unknown command.
Unknown command.
You completely miss the skyshark.
The skyshark is heavily wounded.
The skyshark bites you!
* * * LOW HITPOINT WARNING * * *
The skyshark tail-slaps you but does no damage.
You block the skyshark's attack.
The blink frog blinks!
The bullfrog snags a nearby moth with its tongue.
You block the blink frog's attack.
The cane toad stings you but does no damage.
Unknown command.
Okay, then.
It was a potion of cancellation.
Your magical effects are unravelling.
You feel magically purged.
You slurp down every last drop of the potion of cancellation!
You feel less wooden.
Your +0 cloak unmelds from your body.
Your +2 helmet unmelds from your body.
Your +0 pair of gloves unmelds from your body.
Your +1 plate armour unmelds from your body.
You block the skyshark's attack. x3; You block the blink frog's attack.
The cane toad closely misses you. The skyshark closely misses you.
The skyshark barely misses you.
The skyshark tail-slaps you but does no damage.
The blink frog barely misses you.
Unknown command.
It was a potion of brilliance.
You feel clever all of a sudden.
You slurp down every last drop of the potion of brilliance!
You block the cane toad's attack. The skyshark bites you!!
You die...

............#..
............#.!
.............#
.............## §l
..............##..
.........F......#
.........>.....†FF†......##
................@lF#......#
........ ....#####.........
.......# # ##...P....
.....#. ##.........
......## ##...###....
.......# ##....# ...
....<..# ####.....# ..
...#..P# #.....####
.......# #....P#


You could see a skyshark (berserk), a cane toad, 2 blink frogs and a bullfrog.

Vanquished Creatures
  Rupert (D:12)
  Kirke (D:12)
  Gastronok (D:12)
  A boulder beetle (D:11)
  4 two-headed ogres
  Urug (Lair:1)
  Nergalle (D:10)
  A manticore (Lair:2)
  A cyclops (D:11)
  An ugly thing (D:12)
  A black mamba (Lair:2)
  Maurice (D:9)
  A gargoyle (D:12)
  A cane toad (Lair:3)
  2 komodo dragons
  3 trolls
  2 polar bears (Lair:2)
  A wind drake (Lair:2)
  A hornet (D:8)
  A blink frog (Lair:3)
  A shadow (D:12)
  A wraith (D:11)
  A water elemental (D:12)
  26 yaks
  2 hogs (D:12)
  7 vampire mosquitoes
  A steam dragon (D:8)
  A basilisk (D:12)
  2 wargs
  A naga (Lair:2)
  4 water moccasins
  An acid dragon (D:12)
  An ice beast (D:5)
  6 orc warriors
  A black bear (D:7)
  An ogre (D:5)
  6 wolves (Lair:2)
  5 centaurs
  A phantom (D:7)
  2 kobold brigands (D:8)
  4 bullfrogs
  2 gnoll sergeants
  3 scorpions
  10 killer bees
  4 electric eels
  12 howler monkeys
  A jelly (D:8)
  3 gnoll boudas
  8 orc priests
  3 hounds
  Ijyb (D:3)
  16 orc wizards
  6 iguanas
  2 hound zombies (D:3)
  A hound skeleton (D:3)
  9 adders
  34 gnolls
  A shadow imp (D:6)
  4 white imps
  An ufetubus (D:5)
  2 dart slugs
  44 orcs
  3 bats
  5 endoplasms
  4 giant cockroaches
  9 goblins
  12 hobgoblins
  12 jackals
  9 quokkas
  6 ball pythons
  4 ball python skeletons (D:3)
  A ball python zombie (D:3)
  A jackal zombie (D:3)
  6 kobolds
  3 rats
344 creatures vanquished.

Vanquished Creatures (collateral kills)
  An ugly thing (D:12)
  A cane toad (Lair:3)
  A rime drake (Lair:1)
  A komodo dragon (Lair:2)
  A polar bear (Lair:2)
  A blink frog (Lair:3)
  A wyvern (Lair:2)
  A yak (Lair:2)
  A naga (Lair:2)
  A water moccasin (Lair:1)
  3 wolves (Lair:2)
  A butterfly (Lair:2)
14 creatures vanquished.

Vanquished Creatures (others)
  A yak (D:8)
  2 battlemagi
  7 ancestors
  A fungus (Lair:3)
  16 plants
  2 withered plants (D:3)
29 creatures vanquished.

Grand Total: 387 creatures vanquished

Notes
Turn   | Place    | Note
-------+----------+-------------------------------------------
     0 | D:1      | retardedninja the Armataur Fighter began the quest for the
                  | Orb.
     0 | D:1      | Reached XP level 1. HP: 19/19 MP: 1/1
    73 | D:1      | Reached skill level 2 in Long Blades
   117 | D:1      | Reached XP level 2. HP: 26/26 MP: 2/2
   316 | D:1      | Reached XP level 3. HP: 25/31 MP: 3/3
   898 | D:2      | Found a glowing golden altar of the Shining One.
   922 | D:2      | Reached XP level 4. HP: 40/40 MP: 4/4
  1046 | D:2      | Reached skill level 3 in Long Blades
  1515 | D:3      | Reached XP level 5. HP: 47/48 MP: 5/5
  1566 | D:3      | Noticed Ijyb
  1581 | D:3      | Killed Ijyb
  1791 | D:3      | Found a shimmering altar of Xom.
  2133 | D:4      | Reached XP level 6. HP: 35/54 MP: 6/6
  2325 | D:4      | Reached skill level 4 in Long Blades
  2427 | D:4      | Reached skill level 5 in Armour
  2481 | D:4      | Found a transporter.
  2482 | D:4      | Found a transporter.
  2624 | D:4      | Found a stormy altar of Qazlal.
  2836 | D:4      | Found a shimmering blue altar of Sif Muna.
  3175 | D:5      | Entered Level 5 of the Dungeon
  3210 | D:5      | Noticed an ice beast
  3214 | D:5      | Killed an ice beast
  3233 | D:5      | Reached XP level 7. HP: 55/63 MP: 7/7
  3264 | D:5      | Reached skill level 5 in Shields
  3483 | D:5      | Reached skill level 5 in Long Blades
  4639 | D:5      | Identified a scroll of acquirement
  4639 | D:5      | Acquired the amulet "Huant" {Reflect rPois Str-3 Dex+4 SH+5
                  | SInv}
  4782 | D:6      | Reached XP level 8. HP: 71/71 MP: 8/8
  5204 | D:6      | Reached skill level 6 in Long Blades
  5539 | D:6      | Reached skill level 5 in Fighting
  6447 | D:7      | Found a staircase to the Ecumenical Temple.
  6486 | Temple   | Entered the Ecumenical Temple
  7246 | D:7      | Reached skill level 7 in Long Blades
  7246 | D:7      | Reached XP level 9. HP: 70/79 MP: 9/9
  7620 | D:8      | Found a snail-covered altar of Cheibriados.
  8273 | D:8      | Reached skill level 8 in Long Blades
  9335 | D:8      | Noticed a troll
  9353 | D:8      | Noticed a troll
  9395 | D:8      | Killed a troll
  9400 | D:8      | Reached XP level 10. HP: 89/89 MP: 10/10
  9651 | D:8      | Found a hazy altar of Hepliaklqana.
  9699 | D:8      | Reached skill level 9 in Long Blades
 10590 | D:8      | Paralysed by a hornet for 2 turns
 11129 | D:9      | Noticed Maurice
 11139 | D:9      | Killed Maurice
 11373 | D:9      | Found a staircase to the Lair.
 11492 | D:9      | Found a glowing silver altar of Zin.
 11546 | D:10     | Entered Level 10 of the Dungeon
 11562 | D:10     | Noticed Nergalle
 11570 | D:10     | Killed Nergalle
 11758 | D:10     | Reached skill level 10 in Long Blades
 11858 | D:10     | Found a portal to a secret trove of treasure.
 11996 | D:10     | Identified the +1 chain mail of Ybainuso {rPois rF+}
 12011 | D:10     | Noticed a two-headed ogre
 12023 | D:10     | Killed a two-headed ogre
 12024 | D:10     | Reached XP level 11. HP: 76/98 MP: 11/11
 12097 | D:10     | Found a bloodstained altar of Trog.
 12108 | D:10     | Found a broken altar of Ashenzari.
 12175 | D:10     | Noticed a two-headed ogre
 12189 | D:10     | Killed a two-headed ogre
 12190 | D:10     | Reached skill level 10 in Armour
 12245 | D:8      | Became a worshipper of Hepliaklqana the Forgotten
 12816 | D:11     | Noticed a two-headed ogre
 12824 | D:11     | Killed a two-headed ogre
 12933 | D:11     | Noticed a two-headed ogre
 13284 | D:11     | Killed a two-headed ogre
 13631 | D:11     | Reached * piety under Hepliaklqana
 13808 | D:11     | Reached skill level 11 in Long Blades
 14114 | D:11     | Noticed a boulder beetle
 14163 | D:11     | Killed a boulder beetle
 14272 | D:12     | Noticed a purple ugly thing
 14280 | D:12     | Killed a purple ugly thing
 14281 | D:12     | Reached skill level 10 in Shields
 14456 | D:12     | Noticed Gastronok
 14476 | D:12     | Killed Gastronok
 14570 | D:12     | Noticed a white ugly thing
 14713 | D:12     | Killed a white ugly thing
 15344 | D:12     | Reached XP level 12. HP: 88/99 MP: 12/12
 15451 | D:12     | Noticed Rupert
 15498 | D:12     | Killed Rupert
 15855 | D:12     | Noticed Kirke
 15865 | D:12     | Killed Kirke
 15866 | D:12     | Reached skill level 12 in Long Blades
 15877 | D:12     | Identified the +0 leather armour of Liberty {rElec Str-4
                  | Stlth+}
 16478 | Lair:1   | Entered Level 1 of the Lair of Beasts
 16479 | Lair:1   | Noticed Urug
 16495 | Lair:1   | Killed Urug
 16747 | Lair:1   | Reached ** piety under Hepliaklqana
 16749 | Lair:1   | Remembered your ancestor Numeria as a battlemage
 17554 | Lair:2   | Found a staircase to the Snake Pit.
 17769 | Lair:2   | Found a staircase to the Shoals.
 18234 | Lair:3   | Reached *** piety under Hepliaklqana
 18261 | Lair:3   | Reached skill level 13 in Long Blades
 18287 | Lair:3   | Mangled by a skyshark

Illustrated notes

Levels and vault maps discovered:
D:1:      minmay_arrival_four_houses, layout_rooms, st_stairs_2
D:2:      layout_rooms, basic_altar
D:3:      layout_loops_ring, general_overflow_altar, serial_undead,
          serial_undead_d, serial_undead_c, serial_undead_b, serial_undead_a,
          serial_undead_a, serial_undead_a, serial_undead_b, serial_undead_b,
          serial_undead_d, serial_undead_f, minmay_misc_feat_nine_boxes,
          minmay_misc_feat_roman, uniq_ijyb
D:4:      layout_loops_cross, led_sif_book, nicolae_qazlal_scattered_showers,
          gammafunk_ghost_gnarly_gnolls, nrook_loot_triangle,
          minmay_misc_feat_columns
D:5:      minmay_recursive_quarters, layout_basic
D:6:      layout_basic, kennysheep_generic_room_9
D:7:      layout_basic, temple_doors_e
D:8:      minmay_clustersquares, layout_loops_ring,
          nicolae_hepliaklqana_hazy_memory, mainiacjoe_overflow_chevrons
D:9:      layout_basic, zin_scriptorium, erik_lair_orcish_takeover, uniq_maurice
D:10:     layout_loops_cross, mainiacjoe_overflow_large_starburst,
          enter_trove_6, uniq_nergalle
D:11:     layout_loops_ring, minmay_door_square, nicolae_elevator_lobby_plus
D:12:     layout_long_grid, david_orc_5, chequers_big_river,
          minmay_tree_intersection, uniq_gastronok, uniq_rupert, uniq_kirke
Temple:   eino_temple_lava
Lair:1:   layout_chaotic_city, dpeg_stationary_puzzle, uniq_urug
Lair:2:   layout_hall_layers, minmay_shoals_entry_beasts,
          guppyfry_snake_entry_garden, cheibrodos_lair_lostbears,
          lemuel_fruit_fields
Lair:3:   layout_hall_layers, beast_lair_carwin_10, grunt_megastairs_3

Skill      XL: |  1  2  3  4  5  6  7  8  9 10 11 12 |
---------------+-------------------------------------+-----
Long Blades    | 2 3 4 5 7 8 10 11 13 | 13.0
Armour         | 4 5 6 7 8 9 11 12 | 12.3
Fighting       | 3 4 5 6 7 8 9 |  9.6
Shields        | 4 5 6 7 9 10 11 | 11.4

Action                     |  1- 3 |  4- 6 |  7- 9 | 10-12 || total
---------------------------+-------+-------+-------+-------++-------
  Melee: Long sword        |   130 |   242 |   487 |   708 ||  1567
         Tailslap          |    11 |    31 |    62 |   148 ||   252
  Throw: Throwing net      |       |     3 |       |       ||     3
         Javelin           |       |       |     9 |    12 ||    21
 Invoke: Ancestor Life: Ba |       |       |       |     1 ||     1
  Evoke: Wand              |       |     7 |     8 |    26 ||    41
    Use: Scroll            |       |     8 |    12 |    10 ||    30
         Potion            |       |     1 |     7 |    16 ||    24
   Stab: Paralysed         |       |       |     4 |     6 ||    10
         Distracted        |       |       |       |     6 ||     6
 Armour: Scale mail        |    95 |   137 |       |       ||   232
         Chain mail        |       |    51 |   135 |       ||   186
         Plate armour      |       |       |   193 |   264 ||   457
         Skin              |       |       |       |    38 ||    38
  Dodge: Dodged            |    65 |   121 |    95 |    54 ||   335
  Block: Buckler           |    30 |    60 |   226 |    25 ||   341
         Reflection        |       |       |     4 |    10 ||    14
         Kite shield       |       |       |       |   646 ||   646

Table legend: (Time is in decaauts)
 A = Elapsed time spent in this place.
 B = Non-inter-level travel time spent in this place.
 C = Inter-level travel time spent in this place.
 D = Time resting spent in this place.
 E = Time spent auto-exploring this place.
 F = Levels seen in this place.
 G = Mean time per level.
                   A        B        C        D        E       F      G
               +--------+--------+--------+--------+--------+-----+--------+
         Total |  18480 |  17890 |    590 |   6102 |   8572 |  16 | 1155.0 |
       Dungeon |  16616 |  16045 |    571 |   5888 |   7221 |  12 | 1384.7 |
        Temple |     75 |     75 |      0 |      0 |     49 |   1 |   75.0 |
          Lair |   1788 |   1769 |     19 |    214 |   1302 |   3 |  596.0 |
               +--------+--------+--------+--------+--------+-----+--------+

Top non-repeatable levels by time:
     D:8: 2695 daAuts
     D:7: 2026 daAuts
    D:12: 1851 daAuts
     D:6: 1673 daAuts
    D:11: 1559 daAuts
     D:5: 1530 daAuts
    D:10: 1265 daAuts
     D:4: 1109 daAuts
  Lair:1: 934 daAuts
     D:3: 872 daAuts
  Lair:2: 798 daAuts
     D:9: 734 daAuts
     D:2: 707 daAuts
     D:1: 589 daAuts
  Temple: 75 daAuts
